 Dungeon Crawl Stone Soup version 0.29.0-4-gdea44cf6ec (webtiles) character file.

Game seed: 10399846601722281051

350 qw the Chopper (level 6, -1/55 HPs)
             Began as a Minotaur Fighter on Sept 4, 2022.
             Killed from afar by Dowan (6 damage)
             ... with a stone arrow
             ... on level 4 of the Dungeon.
             The game lasted 00:01:19 (3128 turns).

qw the Chopper (Minotaur Fighter)                   Turns: 3128, Time: 00:01:19

Health: -1/55      AC:  9    Str: 23    XL:     6   Next: 33%
Magic:  5/5        EV:  7    Int:  5    God:
Gold:   171        SH:  4    Dex:  9    Spells: 5/5 levels left

rFire   . . .      SeeInvis .   Y - +0 war axe
rCold   . . .      Faith    .   c - +0 buckler
rNeg    . . .      Spirit   .   h - +0 chain mail
rPois   .          Reflect  .   (helmet restricted)
rElec   .          Harm     .   (no cloak)
rCorr   .          Rampage  .   (no gloves)
Will    .....                   (no boots)
Stlth   ..........              (no amulet)
HPRegen 0.18/turn               (no ring)
MPRegen 0.09/turn               (no ring)

@: no status effects
A: horns 2, retaliatory headbutt
a: no special abilities


You were on level 4 of the Dungeon.
You visited 1 branch of the dungeon, and saw 4 of its levels.

You collected 171 gold pieces.


Innate Abilities, Weirdness & Mutations

You have a pair of horns on your head.
You reflexively headbutt those who attack you in melee.


   Skills:
 - Level 4.8 Fighting
 + Level 7.3 Axes
 - Level 3.6 Armour
 - Level 1.0 Dodging
 - Level 3.6 Shields


You had 5 spell levels left.
You didn't know any spells.
Your spell library was empty.

Inventory:

Hand Weapons
 m - a +0 flail
 Y - a +0 war axe (weapon)
Armour
 c - a +0 buckler (worn)
 h - a +0 chain mail (worn)
 l - a +0 pair of boots
Scrolls
 a - a scroll of enchant weapon {unknown}
 b - a scroll of magic mapping {unknown}
 g - a scroll of amnesia {unknown}
 i - 2 scrolls of identify
Potions
 d - a potion of might
 e - 2 potions of curing
 j - 2 potions of lignification {unknown}

Dungeon Overview and Level Annotations

Branches:
Dungeon (4/15)
 Temple: D:4-7

Altars:

Annotations:
D:4 Dowan


Message History

a +0 rapier of holy wrath; a +0 leather armour; a coppery potion You barely miss the orc.
The orc closely misses you.
You closely miss Dowan. Your headbutt misses Dowan. You closely miss the orc.
Dowan casts a spell.
Dowan blinks!
You block the orc's attack. The orc completely misses you.
You slash the orc!
You kill the orc!
Dowan gestures wildly while chanting.
Dowan blinks!
You start resting.
Dowan is nearby!
Found a war axe.
Dowan casts a spell.
Dowan blinks!
Dowan gestures wildly while chanting.
Dowan blinks!
Dowan gestures wildly while chanting.
Dowan blinks!
You start resting.
Dowan is nearby!
Dowan casts a spell.
Dowan blinks!
You see here a howler monkey corpse.
Dowan hits you with a +0 dagger.
You slash Dowan!
Dowan is heavily wounded.
Dowan points at you and mumbles some strange words.
The shard of ice hits you!
Dowan breathes, "And she was my only..."
Dowan casts a spell.
Dowan blinks!
Dowan points at you and mumbles some strange words.
The shard of ice hits you!!
You closely miss Dowan.
Dowan is moderately wounded.
Dowan hits you but does no damage.
Dowan points at you and mumbles some strange words.
The stone arrow hits you.
You die...

.##........... ..#..........#
.###... #...........###
#.......
##.###........###......
...#..........#....... ....
....................# .....
....................# .....
...#............e...####.....
...##...........@...#........
...#.....#.....)...........).
........###......%.....(.....
........# ##....##...........
..#.............###).......##
..#...#........## #)##.....#
. ....#......... #..# ...###
....##.............. .###
.............. ##


You could see Dowan (fast).

Vanquished Creatures
  Duvessa (D:4)
  A howler monkey (D:4)
  A hound (D:4)
  5 adders
  6 river rats (D:3)
  2 worms (D:3)
  5 dart slugs
  An orc (D:4)
  5 endoplasms
  3 giant cockroaches (D:1)
  4 goblins
  4 hobgoblins
  6 jackals
  3 quokkas
  A ball python (D:1)
  3 bats
  4 frilled lizards
  9 kobolds
  10 rats
74 creatures vanquished.

Vanquished Creatures (others)
  4 toadstools (D:1)
4 creatures vanquished.

Grand Total: 78 creatures vanquished

Notes
Turn   | Place    | Note
-------+----------+-------------------------------------------
     0 | D:1      | qw the Minotaur Fighter began the quest for the Orb.
     0 | D:1      | Reached XP level 1. HP: 19/19 MP: 0/0
     0 | D:1      | 0 ||| qw: Version: 0.1-a-103-gd6f5d3a
     0 | D:1      | 0 ||| qw: Game counter: 5680
     0 | D:1      | 0 ||| qw: Always use a shield: true
     0 | D:1      | 0 ||| qw: God list: Ru
     0 | D:1      | 0 ||| qw: Allow faded altars: false
     0 | D:1      | 0 ||| qw: Do Orc after D:15 true
     0 | D:1      | 0 ||| qw: Do second Lair branch before Depths: true
     0 | D:1      | 0 ||| qw: Lair rune preference: random
     0 | D:1      | 0 ||| qw: Plans: Normal
     0 | D:1      | 0 ||| PLANNING D:1-11
   203 | D:1      | Reached skill level 3 in Axes
   203 | D:1      | 203 ||| Stepping ~*~*~tactically~*~*~ (hiding).
   210 | D:1      | Reached XP level 2. HP: 24/26 MP: 1/1
   231 | D:1      | 231 ||| Stepping ~*~*~tactically~*~*~ (stealth).
   315 | D:1      | 315 ||| Stepping ~*~*~tactically~*~*~ (hiding).
   318 | D:1      | 318 ||| Stepping ~*~*~tactically~*~*~ (hiding).
   465 | D:1      | Reached skill level 4 in Axes
   516 | D:1      | 516 ||| Stepping ~*~*~tactically~*~*~ (stealth).
   518 | D:1      | 518 ||| Stepping ~*~*~tactically~*~*~ (stealth).
   532 | D:1      | Reached XP level 3. HP: 31/31 MP: 2/2
   904 | D:1      | 904 ||| READING scroll labelled MUAHERYOKH.
   909 | D:1      | 909 ||| READING 4 scrolls labelled QUMAESK GIAG.
   910 | D:1      | 910 ||| DRINKING 3 pink potions.
   911 | D:1      | 911 ||| READING 3 scrolls of identify.
   911 | D:1      | 911 ||| IDENTIFYING viscous red potion
   912 | D:1      | 912 ||| DROPPING potion of berserk rage.
  1127 | D:2      | 1127 ||| Stepping ~*~*~tactically~*~*~ (stealth).
  1140 | D:2      | Reached skill level 5 in Axes
  1217 | D:2      | 1217 ||| Stepping ~*~*~tactically~*~*~ (hiding).
  1528 | D:2      | Reached skill level 1 in Dodging
  1528 | D:2      | Reached XP level 4. HP: 35/39 MP: 3/3
  1683 | D:2      | 1683 ||| UPGRADING to +0 chain mail.
  1693 | D:2      | 1693 ||| DROPPING +0 scale mail.
  1694 | D:2      | 1694 ||| READING scroll labelled KEPUAZ ATHREACW.
  1695 | D:2      | 1695 ||| READING scroll labelled ABUZAKL LAMME.
  1696 | D:2      | 1696 ||| READING scroll labelled GENGAGOIBY.
  1697 | D:2      | 1697 ||| Stepping randomly (stuck).
  1698 | D:2      | 1698 ||| Stepping ~*~*~tactically~*~*~ (cloud).
  1860 | D:3      | 1860 ||| PLANNING SEWER
  1876 | D:3      | 1876 ||| Stepping ~*~*~tactically~*~*~ (stealth).
  1907 | D:3      | 1907 ||| Stepping ~*~*~tactically~*~*~ (stealth).
  1912 | D:3      | 1912 ||| Stepping ~*~*~tactically~*~*~ (stealth).
  2281 | D:3      | 2281 ||| Stepping ~*~*~tactically~*~*~ (stealth).
  2287 | D:3      | 2287 ||| Stepping ~*~*~tactically~*~*~ (stealth).
  2288 | D:3      | 2288 ||| Stepping ~*~*~tactically~*~*~ (stealth).
  2465 | D:3      | Reached skill level 6 in Axes
  2494 | D:3      | Reached XP level 5. HP: 45/45 MP: 4/4
  2503 | D:3      | Found a glowing drain.
  2504 | D:3      | 2504 ||| DROPPING scarf of invisibility.
  2505 | D:3      | 2505 ||| READING scroll labelled XABOANT COAKH.
  2506 | D:3      | 2506 ||| READING scroll labelled CONKEX PEH EXU.
  2641 | D:3      | 2641 ||| READING 3 scrolls of identify.
  2641 | D:3      | 2641 ||| IDENTIFYING bubbling white potion
  2642 | D:3      | 2642 ||| DROPPING potion of degeneration.
  2892 | D:3      | 2892 ||| RIP SEWER
  2892 | D:3      | 2892 ||| PLANNING D:1-11
  3086 | D:4      | 3086 ||| DROPPING +0 whip.
  3096 | D:4      | Reached skill level 7 in Axes
  3096 | D:4      | Noticed Dowan
  3097 | D:4      | 3097 ||| Stepping ~*~*~tactically~*~*~ (hiding).
  3098 | D:4      | 3098 ||| Stepping ~*~*~tactically~*~*~ (hiding).
  3099 | D:4      | 3099 ||| Stepping ~*~*~tactically~*~*~ (hiding).
  3099 | D:4      | Noticed Duvessa
  3100 | D:4      | 3100 ||| Stepping ~*~*~tactically~*~*~ (hiding).
  3101 | D:4      | 3101 ||| Stepping ~*~*~tactically~*~*~ (hiding).
  3107 | D:4      | Killed Duvessa
  3108 | D:4      | Reached XP level 6. HP: 35/55 MP: 5/5
  3126 | D:4      | HP: 5/55 [Dowan/shard of ice (18)]
  3128 | D:4      | Killed from afar by Dowan

Levels and vault maps discovered:
D:1:      ldierk_walled_garden_2, layout_loops_cross
D:2:      layout_basic
D:3:      layout_loops_ring, lightli_sewer_entry_pipes
D:4:      layout_cave_pools, uniq_duvessa

Skill      XL: |  1  2  3  4  5 |
---------------+----------------+-----
Axes           | 3 4 5 6 7 |  7.3
Dodging        | 1 |  1.0
Fighting       | 4 |  4.8
Armour         | |  3.6
Shields        | |  3.6

Action                   |  1- 3 |  4- 6 || total
-------------------------+-------+-------++-------
Melee: War axe           |    80 |    96 ||   176
       Headbutt          |     9 |    14 ||    23
Throw: Javelin           |       |     2 ||     2
  Use: Scroll            |     3 |     6 ||     9
       Potion            |     1 |       ||     1
Armor: Scale mail        |    32 |     1 ||    33
       Chain mail        |       |    38 ||    38
Dodge: Dodged            |    29 |    31 ||    60
Block: Buckler           |    18 |    11 ||    29

Table legend:
 A = Non-vault XP
 B = Vault XP
 C = Vault XP percentage of total XP
 D = Non-vault monster count
 E = Vault monster count
 F = Vault count percentage of total count
                 A         B        C        D         E       F
            +---------+---------+-------+---------+---------+-------
      Total |     252 |     248 |  49.6 |      61 |      13 |  17.6
            +---------+---------+-------+---------+---------+-------
        D:1 |      54 |       0 |   0.0 |      32 |       0 |   0.0
        D:2 |      47 |       0 |   0.0 |       6 |       0 |   0.0
        D:3 |      40 |     106 |  72.6 |      16 |      12 |  42.9
        D:4 |     111 |     142 |  56.1 |       7 |       1 |  12.5
            +---------+---------+-------+---------+---------+-------
